 Dungeon Crawl Stone Soup version 0.22-a0-414-gacd343e8ff (webtiles) character file.

112 marsu the Changer (level 4, -1/35 HPs)
             Began as a Draconian Transmuter on May 12, 2018.
             Slain by an orc
             ... wielding a +0 flail
              (7 damage)
             ... on level 3 of the Dungeon on May 13, 2018.
             The game lasted 00:05:08 (2152 turns).

marsu the Changer (Draconian Transmuter)            Turns: 2152, Time: 00:05:08

Health: -1/35      AC:  5    Str: 13    XL:     4   Next: 64%
Magic:  8/8        EV: 12    Int: 14    God:
Gold:   130        SH:  0    Dex: 11    Spells: 3/9 levels left

rFire    . . .     SeeInvis .     - Unarmed
rCold    . . .     Gourm    .   (no shield)
rNeg     . . .     Faith    .   (armour unavailable)
rPois    .         Spirit   .   (helmet restricted)
rElec    .         Reflect  .   (no cloak)
rCorr    .         Harm     .   (no gloves)
MR       .....                  (no boots)
Stlth    +.........             (no amulet)
HPRegen  0.11/turn              (no ring)
MPRegen  0.11/turn              (no ring)

@: appendage
A: unfitting armour, horns 2, cold-blooded, AC +5
a: End Transformation


You were on level 3 of the Dungeon.
You were not hungry.
You had grown temporary horns.
You visited 1 branch of the dungeon, and saw 3 of its levels.

You collected 130 gold pieces.

Inventory:

Missiles
 b - 27 arrows
 j - a throwing net {=f}
 Q - 65 stones (quivered)
Scrolls
 f - a scroll of remove curse {unknown}
 g - a scroll of random uselessness {unknown}
Potions
 d - a potion of lignification {unknown}
 e - a potion of heal wounds {unknown}
 h - a potion of mutation {unknown}
 i - a potion of flight {unknown}
 k - a potion of curing {unknown}
Comestibles
 a - 2 chunks of flesh
 c - 3 rations


   Skills:
 - Level 1.1 Fighting
 - Level 1.7 Dodging
 - Level 3.0 Unarmed Combat
 + Level 3.0 Spellcasting
 * Level 4.1 Transmutations
 + Level 0.4 Poison Magic


You had 3 spell levels left.
You knew the following spells:

 Your Spells              Type           Power        Failure   Level  Hunger
a - Beastly Appendage     Tmut           ##....       4%          1    #......
c - Spider Form           Tmut/Pois      #.........   26%         3    ###....
s - Sticks to Snakes      Tmut           ##......     6%          2    ##.....

Your spell library contained the following spells:

 Spells                   Type           Power        Failure   Level  Hunger
 Blade Hands              Tmut           ##........   73%         5    ######.
 Ice Form                 Ice/Tmut       #.......     65%         4    #####..


Dungeon Overview and Level Annotations

Branches:
Dungeon (3/15)

Altars:


Innate Abilities, Weirdness & Mutations

Your plain brown scales are hard. (AC +5)
You cannot fit into any form of body armour.
You are cold-blooded and may be slowed by cold attacks.
You have a pair of horns on your head.


Message History

You closely miss the orc. You headbutt the orc, but do no damage.
The orc misses you.
You barely miss the orc. The orc closely misses you.
The orc hits you but does no damage.
MP restored: 8 You hit the orc but do no damage.
The orc hits you with a club. The orc hits you with a flail.
You take 9 damage, and have 25/35 hp.
MASSIVE DAMAGE!!
You hit the orc but do no damage.
You kill the orc!
The orc hits you with a hand axe. The orc closely misses you.
The orc hits you with a flail!
* * * LOW HITPOINT WARNING * * *
You take 13 damage, and have 12/35 hp.
MASSIVE DAMAGE!!
The orc hits you with a hand axe.
* * * LOW HITPOINT WARNING * * *
The orc hits you with a flail!
You die...

....##.....รท.......#...#
....##.............##+##
...###.............# ...#
#..........#.## ...#
#..........#... ...#
#..........#.### ####
#..........#...
#..........#o#####...
#########..@o.)......
####o#####... #.# #.# #.#
#.# #.# #.#


You could see 3 orcs.

Vault maps used:
D:1:      lightli_iron_boxes
D:2:      serial_forest, infiniplex_forest_end_double,
          infiniplex_forest_clump_diagonal, infiniplex_forest_fountain,
          infiniplex_forest_lined_3_way, infiniplex_forest_end_1,
          infiniplex_forest_zigzag_2, infiniplex_forest_lined_1, st_stairs_13
D:3:      nicolae_overflow_hidden_temple, grunt_ministairs_13

Notes
Turn   | Place    | Note
-------+----------+-------------------------------------------
     0 | D:1      | marsu the Draconian Transmuter began the quest for the Orb.
     0 | D:1      | Reached XP level 1. HP: 16/16 MP: 3/3
   152 | D:1      | Reached XP level 2. HP: 23/23 MP: 5/5
   348 | D:1      | Reached skill level 3 in Transmutations
   521 | D:1      | Reached XP level 3. HP: 28/28 MP: 4/6
   834 | D:2      | Learned a level 2 spell: Sticks to Snakes
   838 | D:2      | Learned a level 3 spell: Spider Form
   838 | D:2      | Upgraded the game from 0.22-a0-412-g2b68d144a4 to 0.22-a0-414-gacd343e8ff
  1334 | D:2      | Reached XP level 4. HP: 34/35 MP: 2/8
  2063 | D:3      | Reached skill level 4 in Transmutations
  2079 | D:3      | Reached skill level 3 in Spellcasting
  2152 | D:3      | HP: 6/35 [orc/hand axe (6)]
  2152 | D:3      | Identified a +0 flail
  2152 | D:3      | Slain by an orc

Table legend:
 A = Turns spent in this place as a percentage of turns spent in the entire game.
 B = Non-inter-level travel turns spent in this place as a percentage of non-inter-level travel turns spent in the entire game.
 C = Inter-level travel turns spent in this place as a percentage of turns spent in this place.
 D = Turns resting spent in this place as a percentage of non-inter-level travel turns spent in this place.
 E = Turns spent auto-exploring this place as a percentage of non-inter-level travel turns spent in this place.
 F = Non-inter-level travel turns spent in this place divided by the number of levels of this place that you've seen.
                   A       B       C       D       E      F
               +-------+-------+-------+-------+-------+----------------------
         Total | 100.0 | 100.0 |   2.0 |  20.2 |  53.6 | 703.0
       Dungeon | 100.0 | 100.0 |   2.0 |  20.2 |  53.6 | 703.0
               +-------+-------+-------+-------+-------+----------------------

Table legend:
 A = Kills in this place as a percentage of kills in entire the game.
 B = Kills by you in this place as a percentage of kills by you in the entire game.
 C = Kills by friends in this place as a percentage of kills by friends in the entire game.
 D = Other kills in this place as a percentage of other kills in the entire game.
 E = Experience gained in this place as a percentage of experience gained in the entire game.
 F = Experience gained in this place divided by the number of levels of this place that you have seen.
                   A       B       C       D       E      F
               +-------+-------+-------+-------+-------+----------------------
         Total | 100.0 | 100.0 | 100.0 |   N/A | 100.0 |  53.7
       Dungeon | 100.0 | 100.0 | 100.0 |   N/A | 100.0 |  53.7
               +-------+-------+-------+-------+-------+----------------------

Skill      XL: |  1  2  3  4 |
---------------+-------------+-----
Transmutations | 3 4 |  4.1
Spellcasting   | 3 |  3.0
Fighting       | |  1.1
Dodging        | |  1.7
Unarmed Combat | |  3.0
Poison Magic   | |  0.4

Action                   |  1- 3 |  4- 6 || total
-------------------------+-------+-------++-------
Melee: Unarmed           |   120 |    79 ||   199
       Kick              |    16 |     5 ||    21
       Headbutt          |     3 |     5 ||     8
       Tailslap          |     5 |     9 ||    14
       Punch             |       |     2 ||     2
 Cast: Beastly Appendage |    22 |    11 ||    33
       Sticks to Snakes  |     5 |     1 ||     6
 Stab: Sleeping          |     1 |       ||     1
  Eat: Chunk             |     2 |     3 ||     5
Armor: Skin              |    44 |    43 ||    87
Dodge: Dodged            |    85 |    69 ||   154

Vanquished Creatures
  2 gnolls (D:2)
  3 adders
  A leopard gecko (D:3)
  3 orcs (D:3)
  11 bats
  6 giant cockroaches
  9 goblins
  10 hobgoblins
  A quokka (D:2)
  2 frilled lizards (D:1)
  4 kobolds
  6 rats
58 creatures vanquished.

Vanquished Creatures (collateral kills)
  A gnoll (D:2)
1 creature vanquished.

Grand Total: 59 creatures vanquished
